[Event "Niedersachsen-ch Meister 2024"]
[Site "Verden Aller"]
[Date "2024.01.04"]
[Round "2.8"]
[White "Heinemann, Ernst"]
[Black "Tonndorf, Matthias"]
[Result "0-1"]
[ECO "B40"]
[WhiteElo "2033"]
[BlackElo "2184"]
[Annotator "RC"]
[PlyCount "76"]
[EventDate "2024.01.01"]
[EventType "swiss"]
[EventCountry "GER"]
[SourceTitle "playchess.com"]
[Source "ChessBase"]
[SourceQuality "1"]
[TimeControl "40/5400+30:1800+30"]

1. e4 c5 2. Nf3 e6 3. b3 Nc6 4. Bb2 a6 5. g3 d6 6. Bg2 e5 7. O-O Nf6 8. d3 Be7 9. Nbd2 O-O 10. a4 Bg4 11. h3 Bh5 12. c3 d5 13. Qe2 d4 14. cxd4 cxd4 15. Nc4 Nd7 16. Ba3 Bxa3 17. Nxa3 Qe7 18. g4 Bg6 19. Nd2 f6 20. Nc2 Rfc8 21. Rfc1 Nd8 22. f4 Ne6 23. f5 Nf4 24. Qf3 Bf7 25. Bf1 Rc3 26. Ne1 Rac8 27. Qd1 Qb4 28. Rab1 b5 29. Kh2 Qc5 30. b4 Rxc1 31. bxc5 Rxd1 32. Rxd1 bxa4 33. Nb1 Rxc5 34. Na3 Bb3 35. Rb1 Rc3 36. Nc4 Bxc4 37. dxc4 Rb3 38. Ra1 Nc5 0-1

[Event "Niedersachsen-ch Meister 2024"]
[Site "Verden Aller"]
[Date "2024.01.04"]
[Round "2.9"]
[White "Bargsten, Justus"]
[Black "Reimer, Philip"]
[Result "1/2-1/2"]
[ECO "B33"]
[WhiteElo "2216"]
[BlackElo "2152"]
[Annotator "RC"]
[PlyCount "42"]
[EventDate "2024.01.01"]
[EventType "swiss"]
[EventCountry "GER"]
[SourceTitle "playchess.com"]
[Source "ChessBase"]
[SourceQuality "1"]
[TimeControl "40/5400+30:1800+30"]

1. e4 c5 2. Nf3 Nc6 3. d4 cxd4 4. Nxd4 Nf6 5. Nc3 e5 6. Ndb5 d6 7. Bg5 a6 8. Na3 b5 9. Nab1 Be7 10. Bxf6 Bxf6 11. a4 b4 12. Nd5 O-O 13. Bc4 Bg5 14. O-O Be6 15. c3 a5 16. cxb4 axb4 17. Qd3 Kh8 18. Nd2 Rb8 19. Ne3 Nd4 20. Nb3 Bxe3 21. fxe3 Bxc4 1/2-1/2

[Event "Niedersachsen-ch Meister 2024"]
[Site "Verden Aller"]
[Date "2024.01.04"]
[Round "2.10"]
[White "Bennemann, Ingmar"]
[Black "Mueer, Sebastian"]
[Result "0-1"]
[ECO "D00"]
[WhiteElo "1971"]
[BlackElo "2189"]
[Annotator "RC"]
[PlyCount "35"]
[EventDate "2024.01.01"]
[EventType "swiss"]
[EventCountry "GER"]
[SourceTitle "playchess.com"]
[Source "ChessBase"]
[SourceQuality "1"]
[TimeControl "40/5400+30:1800+30"]

1. d4 Nf6 2. Nf3 g6 3. Nc3 d5 4. Bf4 Bg7 5. e3 O-O 6. Be2 c5 7. Ne5 Nc6 8. Qd2 Ne8 9. h4 f6 10. Nf3 cxd4 11. exd4 Bg4 12. h5 Bxh5 13. Bh6 Rf7 14. O-O-O Nd6 15. Bxg7 Rxg7 16. Rdg1 Bg4 17. Ng5 Nc4 18. Ne6 0-1

[Event "Niedersachsen-ch Meister 2024"]
[Site "Verden Aller"]
[Date "2024.01.04"]
[Round "2.11"]
[White "Sauer, Tim"]
[Black "Aden, Tammo"]
[Result "1/2-1/2"]
[ECO "E02"]
[WhiteElo "2126"]
[BlackElo "2025"]
[Annotator "RC"]
[PlyCount "52"]
[EventDate "2024.01.01"]
[EventType "swiss"]
[EventCountry "GER"]
[SourceTitle "playchess.com"]
[Source "ChessBase"]
[SourceQuality "1"]
[TimeControl "40/5400+30:1800+30"]

1. d4 d5 2. Nf3 Nf6 3. c4 e6 4. g3 Be7 5. Bg2 O-O 6. O-O dxc4 7. Qa4 Bd7 8. Qxc4 Bc6 9. Bg5 Nbd7 10. Nbd2 Rc8 11. Rfe1 Ne4 12. Bxe7 Qxe7 13. Qc2 Nxd2 14. Qxd2 Be4 15. b4 Rfd8 16. Qb2 Qf6 17. Rac1 c5 18. bxc5 Nxc5 19. Ne5 Bxg2 20. Kxg2 Ne4 21. f3 Nd6 22. Qb4 Qe7 23. e3 Nf5 24. Qxe7 Nxe7 25. Kf2 Nd5 26. a3 Kf8 1/2-1/2

[Event "Niedersachsen-ch Meister 2024"]
[Site "Verden Aller"]
[Date "2024.01.04"]
[Round "2.12"]
[White "Renner, Kai"]
[Black "Oest, Thorsten"]
[Result "1/2-1/2"]
[ECO "B92"]
[WhiteElo "2153"]
[BlackElo "1981"]
[Annotator "RC"]
[PlyCount "38"]
[EventDate "2024.01.01"]
[EventType "swiss"]
[EventCountry "GER"]
[SourceTitle "playchess.com"]
[Source "ChessBase"]
[SourceQuality "1"]
[TimeControl "40/5400+30:1800+30"]

1. e4 c5 2. Nf3 d6 3. d4 cxd4 4. Nxd4 Nf6 5. Nc3 a6 6. Be2 e5 7. Nb3 Be6 8. O-O Be7 9. f4 exf4 10. Bxf4 O-O 11. Qe1 Nc6 12. Qg3 Ne8 13. Rad1 Bh4 14. Qd3 Ne5 15. Qd2 Rc8 16. Kh1 Bf6 17. Be3 Nc4 18. Bxc4 Bxc4 19. Rf2 Bxc3 1/2-1/2

[Event "Niedersachsen-ch Meister 2024"]
[Site "Verden Aller"]
[Date "2024.01.04"]
[Round "2.13"]
[White "Muecke, Leonard"]
[Black "Evering, Soeren"]
[Result "1-0"]
[ECO "C54"]
[WhiteElo "1694"]
[BlackElo "2034"]
[Annotator "RC"]
[PlyCount "151"]
[EventDate "2024.01.01"]
[EventType "swiss"]
[EventCountry "GER"]
[SourceTitle "playchess.com"]
[Source "ChessBase"]
[SourceQuality "1"]
[TimeControl "40/5400+30:1800+30"]

1. e4 e5 2. Nf3 Nc6 3. Bc4 Nf6 4. d3 Bc5 5. O-O a6 6. c3 d6 7. h3 Ba7 8. Be3 O-O 9. a4 h6 10. Nbd2 Bxe3 11. fxe3 Ne7 12. d4 Ng6 13. d5 c6 14. Qb3 Qc7 15. a5 Ne7 16. Kh1 cxd5 17. exd5 Nf5 18. Rfe1 Ng3+ 19. Kh2 Nge4 20. Qc2 Bf5 21. Bd3 Nxd2 22. Nxd2 Bxd3 23. Qxd3 Rae8 24. e4 Nh5 25. g3 g6 26. Rf1 Kh7 27. Nc4 Qe7 28. Rf2 Ng7 29. Ne3 Qg5 30. Raf1 f5 31. exf5 gxf5 32. h4 Qg6 33. b4 Rf6 34. Ng2 Ref8 35. c4 Nh5 36. Re1 Rg8 37. Re3 Qg4 38. c5 e4 39. Qc3 Rfg6 40. cxd6 f4 41. Nxf4 Rf8 42. Nh3 Nf6 43. Qe5 Re8 44. Qf4 Qxf4 45. Rxf4 Ng4+ 46. Rxg4 Rxg4 47. Nf4 Rd8 48. Rxe4 Rxd6 49. Kg2 Rg7 50. Kf3 Rc7 51. Re6 Rxe6 52. dxe6 Kg7 53. Ke4 Rc1 54. Kd5 Kf8 55. Kd6 Ke8 56. Nd5 Rc6+ 57. Ke5 Rc1 58. Nf6+ Kd8 59. Ng4 Re1+ 60. Kd5 Ke7 61. Nxh6 Rd1+ 62. Kc5 Kxe6 63. Kb6 Rd7 64. g4 Rg7 65. g5 Ke5 66. Ng4+ Kd4 67. b5 axb5 68. Kxb5 Rh7 69. Nh6 Kd5 70. h5 Ke6 71. Kb6 Ke5 72. Ng4+ Kf5 73. g6 Rxh5 74. g7 Rg5 75. g8=Q Rxg8 76. Nh6+ 1-0

[Event "Niedersachsen-ch Meister 2024"]
[Site "Verden Aller"]
[Date "2024.01.04"]
[Round "2.14"]
[White "Elsner, Robert"]
[Black "Hans, Julian"]
[Result "0-1"]
[ECO "D11"]
[WhiteElo "2030"]
[BlackElo "1925"]
[Annotator "NA RC"]
[PlyCount "94"]
[EventDate "2024.01.01"]
[EventType "swiss"]
[EventCountry "GER"]
[SourceTitle "playchess.com"]
[Source "ChessBase"]
[SourceQuality "1"]
[TimeControl "40/5400+30:1800+30"]

1. d4 d5 2. c4 c6 3. Nf3 Nf6 4. g3 dxc4 5. Bg2 Bf5 6. O-O e6 7. Nc3 Nbd7 8. Nh4 Bg6 9. Nxg6 hxg6 10. e4 e5 11. Be3 Be7 12. Qe2 O-O 13. Rfd1 Qa5 14. Qxc4 Nb6 15. Qb3 exd4 16. Bxd4 Rad8 17. Qc2 Bc5 18. Bxc5 Qxc5 19. Qe2 Rfe8 20. Rxd8 Rxd8 21. Re1 Nc4 22. Bf1 Rd2 23. Qf3 Ne5 24. Qg2 Rxb2 25. Rd1 Qxc3 26. Rd8+ Kh7 27. Qh3+ Nh5 28. Qc8 Nf3+ 29. Kh1 Kh6 30. Rh8+ Kg5 31. h4+ Nxh4 32. f4+ Nxf4 33. gxh4+ Kf6 34. Qd8+ Ke5 35. Qg5+ Kxe4 36. Re8+ Kf3 37. Qe7 Qd2 38. Qe4+ Kg3 39. Qe3+ Qxe3 40. Rxe3+ Kxh4 41. Re7 f5 42. Rxg7 g5 43. a4 g4 44. a5 Kg3 45. a6 bxa6 46. Kg1 Nh3+ 47. Kh1 Rh2# 0-1

[Event "Niedersachsen-ch Meister 2024"]
[Site "Verden Aller"]
[Date "2024.01.05"]
[Round "3.1"]
[White "Nechitaylo, Nikita"]
[Black "Abel, Dennes"]
[Result "*"]
[ECO "E81"]
[WhiteElo "2221"]
[BlackElo "2417"]
[Annotator "RC"]
[PlyCount "75"]
[EventDate "2024.01.01"]
[EventType "swiss"]
[EventCountry "GER"]
[SourceTitle "playchess.com"]
[Source "ChessBase"]
[SourceQuality "1"]
[TimeControl "40/5400+30:1800+30"]

1. d4 Nf6 2. c4 g6 3. f3 Bg7 4. e4 d6 5. Be3 O-O 6. Nc3 c5 7. dxc5 dxc5 8. Qxd8 Rxd8 9. Bxc5 Nc6 10. Ba3 a5 11. Rd1 Be6 12. Nd5 Nb4 13. Nxe7+ Kh8 14. Rxd8+ Rxd8 15. Nd5 Nc2+ 16. Kf2 Nxa3 17. bxa3 b5 18. Nh3 bxc4 19. Bxc4 Rc8 20. Bb3 a4 21. Bxa4 Nxd5 22. exd5 Bxd5 23. Bb3 Bxb3 24. axb3 Rc2+ 25. Kg3 Be5+ 26. f4 Rc3+ 27. Kg4 Bf6 28. Ng5 h5+ 29. Kh4 Rxb3 30. Rc1 Rxa3 31. Rc7 Kg8 32. g3 Ra2 33. Kh3 Bxg5 34. fxg5 Rd2 35. Rc8+ Kg7 36. Ra8 Rd4 37. Kg2 Rd2+ 38. Kg1 *

[Event "Niedersachsen-ch Meister 2024"]
[Site "Verden Aller"]
[Date "2024.01.05"]
[Round "3.2"]
[White "Stelmaszyk, Nico"]
[Black "Riemay, David"]
[Result "*"]
[ECO "B11"]
[WhiteElo "2363"]
[BlackElo "2213"]
[Annotator "RC"]
[PlyCount "37"]
[EventDate "2024.01.01"]
[EventType "swiss"]
[EventCountry "GER"]
[SourceTitle "playchess.com"]
[Source "ChessBase"]
[SourceQuality "1"]
[TimeControl "40/5400+30:1800+30"]

1. e4 c6 2. Nf3 d5 3. Nc3 dxe4 4. Nxe4 Nf6 5. Qe2 Nxe4 6. Qxe4 Nd7 7. Bc4 Nf6 8. Ne5 e6 9. Qf4 Bd6 10. d4 O-O 11. O-O Qc7 12. Re1 c5 13. b3 cxd4 14. Bb2 Nd7 15. Bxd4 Nxe5 16. Bxe5 Bxe5 17. Rxe5 Kh8 18. Bd3 f6 19. Qb4 *

[Event "Niedersachsen-ch Meister 2024"]
[Site "Verden Aller"]
[Date "2024.01.05"]
[Round "3.3"]
[White "Polster, Christian"]
[Black "Pubantz, Jan"]
[Result "*"]
[ECO "B12"]
[WhiteElo "2244"]
[BlackElo "2288"]
[Annotator "RC"]
[PlyCount "24"]
[EventDate "2024.01.01"]
[EventType "swiss"]
[EventCountry "GER"]
[SourceTitle "playchess.com"]
[Source "ChessBase"]
[SourceQuality "1"]
[TimeControl "40/5400+30:1800+30"]

1. e4 c6 2. d4 d5 3. f3 Qb6 4. a4 e5 5. c3 a5 6. exd5 exd4 7. Ne2 dxc3 8. Nexc3 Nf6 9. Qe2+ Kd8 10. Qd3 Bd7 11. Bg5 cxd5 12. Nd2 Na6 *

[Event "Niedersachsen-ch Meister 2024"]
[Site "Verden Aller"]
[Date "2024.01.05"]
[Round "3.4"]
[White "Hampel, Felix"]
[Black "Mimkes, Antal"]
[Result "*"]
[ECO "A88"]
[WhiteElo "2294"]
[BlackElo "1823"]
[Annotator "RC"]
[PlyCount "48"]
[EventDate "2024.01.01"]
[EventType "swiss"]
[EventCountry "GER"]
[SourceTitle "playchess.com"]
[Source "ChessBase"]
[SourceQuality "1"]
[TimeControl "40/5400+30:1800+30"]

1. c4 f5 2. Nf3 Nf6 3. g3 g6 4. Bg2 Bg7 5. O-O O-O 6. d4 d6 7. Nc3 c6 8. d5 e5 9. dxe6 Bxe6 10. b3 Na6 11. Ng5 Bc8 12. Bb2 h6 13. Nf3 Be6 14. Qc2 Qe7 15. Nh4 Bf7 16. Rae1 d5 17. cxd5 cxd5 18. Qb1 Rad8 19. Nb5 Qd7 20. Qa1 Be8 21. Nd4 Ne4 22. Rd1 Nac5 23. e3 Qf7 24. Nhf3 g5 *

[Event "Niedersachsen-ch Meister 2024"]
[Site "Verden Aller"]
[Date "2024.01.05"]
[Round "3.5"]
[White "Tonndorf, Matthias"]
[Black "Knuedel, Torben"]
[Result "0-1"]
[ECO "A05"]
[WhiteElo "2184"]
[BlackElo "2287"]
[Annotator "RC"]
[PlyCount "132"]
[EventDate "2024.01.01"]
[EventType "swiss"]
[EventCountry "GER"]
[SourceTitle "playchess.com"]
[Source "ChessBase"]
[SourceQuality "1"]
[TimeControl "40/5400+30:1800+30"]

1. b3 Nf6 2. Bb2 e6 3. g3 d5 4. Bg2 Be7 5. e3 O-O 6. Nf3 b6 7. O-O Bb7 8. d3 c5 9. Nbd2 Nc6 10. Qe2 Rc8 11. a3 Rc7 12. e4 d4 13. Ne1 e5 14. f4 b5 15. Bc1 Bc8 16. f5 Nd7 17. Ndf3 c4 18. b4 a5 19. bxa5 Ba6 20. g4 f6 21. h4 b4 22. axb4 Nxb4 23. Ba3 cxd3 24. cxd3 Rc3 25. Bxb4 Bxb4 26. Nd2 Nc5 27. Rf3 Rf7 28. Rg3 Nb3 29. Nxb3 Rxb3 30. g5 Bc3 31. g6 Re7 32. Qa2 Qb8 33. gxh7+ Kxh7 34. Rd1 Rb2 35. Qa3 Qb4 36. Qxb4 Rxb4 37. Bf1 Reb7 38. Nf3 Rb1 39. Rxb1 Rxb1 40. Nh2 Bxa5 41. Ng4 Bd2 42. Rh3 Bb5 43. Kg2 Rb2 44. Kg1 Bf4 45. Rf3 Rd2 46. Rh3 Ba4 47. Nh2 Be3+ 48. Kh1 Bc2 49. Ng4 Bxd3 50. Bxd3 Rxd3 51. Kg2 Rd2+ 52. Kf3 Bf4 53. Nf2 Ra2 54. Nd3 Be3 55. Rh1 Rd2 56. Nc5 Rf2+ 57. Kg4 Rc2 58. Ne6 d3 59. Kf3 Bb6 60. Rd1 Rf2+ 61. Kg3 d2 62. Nf8+ Kh6 63. Nd7 Bd4 64. Rb1 Re2 65. Rb8 Re3+ 66. Kg2 Kh5 0-1

[Event "Niedersachsen-ch Meister 2024"]
[Site "Verden Aller"]
[Date "2024.01.05"]
[Round "3.6"]
[White "Reimer, Philip"]
[Black "Voege, Tobias"]
[Result "0-1"]
[ECO "C13"]
[WhiteElo "2152"]
[BlackElo "2283"]
[Annotator "RC"]
[PlyCount "108"]
[EventDate "2024.01.01"]
[EventType "swiss"]
[EventCountry "GER"]
[SourceTitle "playchess.com"]
[Source "ChessBase"]
[SourceQuality "1"]
[TimeControl "40/5400+30:1800+30"]

1. e4 e6 2. d4 d5 3. Nc3 Nf6 4. Bg5 dxe4 5. Nxe4 Be7 6. Bxf6 gxf6 7. Nf3 f5 8. Nc3 a6 9. g3 b5 10. Bg2 Bb7 11. O-O c5 12. dxc5 Qxd1 13. Rfxd1 Bxc5 14. Ne5 Bxg2 15. Kxg2 Ke7 16. a4 b4 17. Ne2 Rc8 18. b3 Ra7 19. Nc4 Rd7 20. Nf4 Bd4 21. Ra2 Rcd8 22. Nd3 Nc6 23. a5 Rd5 24. f4 Rb5 25. Ra4 Bc3 26. Rf1 Nd4 27. Rc1 Nxb3 28. cxb3 Rxd3 29. Rb1 Rbd5 30. Kf1 Rd1+ 31. Rxd1 Rxd1+ 32. Ke2 Rh1 33. Ne5 Rxh2+ 34. Kd3 Kd6 35. Kc4 Re2 36. Nxf7+ Kc6 37. Nd8+ Kc7 38. Nf7 Rd2 39. Ng5 Kc6 40. Nf3 Rg2 41. Ng5 h6 42. Nxe6 Rd2 43. Rxb4 Bxb4 44. Kxb4 Rd6 45. Ng7 Rd5 46. Nh5 Rb5+ 47. Kc4 Kd6 48. Nf6 Ke6 49. Ne8 Rb7 50. Kc5 Re7 51. Nd6 Rc7+ 52. Kb6 Kxd6 53. Kxa6 Kc6 54. b4 Rb7 0-1

[Event "Niedersachsen-ch Meister 2024"]
[Site "Verden Aller"]
[Date "2024.01.05"]
[Round "3.7"]
[White "von Mettenheim, Johannes"]
[Black "Hans, Julian"]
[Result "1-0"]
[ECO "D17"]
[WhiteElo "2284"]
[BlackElo "1925"]
[Annotator "RC"]
[PlyCount "91"]
[EventDate "2024.01.01"]
[EventType "swiss"]
[EventCountry "GER"]
[SourceTitle "playchess.com"]
[Source "ChessBase"]
[SourceQuality "1"]
[TimeControl "40/5400+30:1800+30"]

1. d4 d5 2. c4 c6 3. Nc3 Nf6 4. Nf3 dxc4 5. a4 Bf5 6. Ne5 Nbd7 7. Nxc4 Nb6 8. Ne5 a5 9. h4 e6 10. f3 h6 11. e4 Bh7 12. Be3 Nfd7 13. Qb3 Bb4 14. Nd3 Qe7 15. Kf2 O-O 16. g3 Rac8 17. Kg2 c5 18. Nxb4 cxd4 19. Bxd4 Qxb4 20. Qxb4 axb4 21. Nd1 Rc2+ 22. Kh3 e5 23. Be3 Nc4 24. Bc1 Nc5 25. Ne3 Nxe3 26. Bxe3 f5 27. Rh2 Rxh2+ 28. Kxh2 Nd7 29. Rd1 Nf6 30. exf5 Bxf5 31. Bc5 Rc8 32. Bxb4 e4 33. fxe4 Ng4+ 34. Kg1 Bxe4 35. Rd4 Bf5 36. Bc3 Re8 37. Rf4 Ne3 38. Bb5 Rd8 39. Bd4 Nc2 40. Bc3 Ne3 41. Rf3 Rd1+ 42. Kf2 Ng4+ 43. Ke2 Bc2 44. Bc4+ Kh8 45. Rf8+ Kh7 46. Rf7 1-0

[Event "Niedersachsen-ch Meister 2024"]
[Site "Verden Aller"]
[Date "2024.01.05"]
[Round "3.8"]
[White "Gentemann, Moritz"]
[Black "Bundan, Edward"]
[Result "*"]
[ECO "A10"]
[WhiteElo "2239"]
[BlackElo "1706"]
[Annotator "RC"]
[PlyCount "33"]
[EventDate "2024.01.01"]
[EventType "swiss"]
[EventCountry "GER"]
[SourceTitle "playchess.com"]
[Source "ChessBase"]
[SourceQuality "1"]
[TimeControl "40/5400+30:1800+30"]

1. c4 f5 2. Nc3 Nf6 3. g3 e6 4. Bg2 Be7 5. d3 O-O 6. e4 d6 7. Nge2 c6 8. O-O e5 9. h3 Be6 10. exf5 Bxf5 11. d4 Nbd7 12. Be3 Qc7 13. Qd2 Rad8 14. Rad1 Nb6 15. b3 d5 16. c5 Nbd7 17. f4 *

[Event "Niedersachsen-ch Meister 2024"]
[Site "Verden Aller"]
[Date "2024.01.05"]
[Round "3.9"]
[White "Mueer, Sebastian"]
[Black "Muecke, Leonard"]
[Result "1-0"]
[ECO "B09"]
[WhiteElo "2189"]
[BlackElo "1694"]
[Annotator "RC"]
[PlyCount "113"]
[EventDate "2024.01.01"]
[EventType "swiss"]
[EventCountry "GER"]
[SourceTitle "playchess.com"]
[Source "ChessBase"]
[SourceQuality "1"]
[TimeControl "40/5400+30:1800+30"]

1. e4 d6 2. d4 g6 3. Nc3 Nf6 4. f4 Bg7 5. Nf3 c5 6. dxc5 Qa5 7. Bd3 Qxc5 8. Qe2 a6 9. Be3 Qa5 10. O-O O-O 11. h3 Nc6 12. Qf2 Nd7 13. Qh4 b5 14. Ng5 h6 15. Nf3 e6 16. f5 Qd8 17. Bg5 hxg5 18. Nxg5 Nf6 19. e5 Qb6+ 20. Kh1 Qd4 21. Rf4 Qxf4 22. Qxf4 dxe5 23. Qh4 exf5 24. Nd5 Nh5 25. g4 Be6 26. Nxe6 fxe6 27. gxh5 exd5 28. Rg1 Rf6 29. h6 Bh8 30. Bxf5 Rxf5 31. Rxg6+ Kh7 32. Rxc6 Raf8 33. Rc7+ R8f7 34. Rxf7+ Rxf7 35. Qd8 d4 36. Qd5 Rf6 37. Qe4+ Kxh6 38. Qh4+ Kg7 39. Qh5 Kg8 40. Kg2 Bg7 41. Qe8+ Kh7 42. Kg3 Rh6 43. Kg4 Rf6 44. Kg5 Rh6 45. h4 Rf6 46. h5 Rf4 47. Qg6+ Kh8 48. Qxa6 Kh7 49. Qg6+ Kh8 50. Qe8+ Kh7 51. Qd7 Rf1 52. Qxb5 Rd1 53. Qe2 Ra1 54. Qe4+ Kh8 55. h6 Rg1+ 56. Kh5 Bf6 57. Qa8+ 1-0

[Event "Niedersachsen-ch Meister 2024"]
[Site "Verden Aller"]
[Date "2024.01.05"]
[Round "3.10"]
[White "Laubsch, Bernd"]
[Black "Renner, Kai"]
[Result "1-0"]
[ECO "B41"]
[WhiteElo "2259"]
[BlackElo "2153"]
[Annotator "RC"]
[PlyCount "133"]
[EventDate "2024.01.01"]
[EventType "swiss"]
[EventCountry "GER"]
[SourceTitle "playchess.com"]
[Source "ChessBase"]
[SourceQuality "1"]
[TimeControl "40/5400+30:1800+30"]

1. e4 c5 2. Nf3 e6 3. d4 cxd4 4. Nxd4 a6 5. c4 Nf6 6. Bd3 Nc6 7. Nxc6 dxc6 8. O-O e5 9. Nc3 Be6 10. Kh1 b5 11. Qe2 b4 12. Na4 Nd7 13. Be3 Qa5 14. b3 Nc5 15. Nb2 Bd6 16. Bc2 Qc7 17. f3 O-O 18. Qf2 Qe7 19. Rfd1 Nb7 20. Na4 c5 21. Nb6 Rad8 22. a3 Qc7 23. Nd5 Qc6 24. g4 f6 25. Rg1 Rd7 26. Qh4 Rdf7 27. Rg3 Be7 28. Rh3 g6 29. Qf2 a5 30. a4 Nd8 31. Nxe7+ Rxe7 32. Bxc5 Rff7 33. Bxe7 Rxe7 34. Rd1 Rd7 35. Rd5 Bxd5 36. exd5 Qd6 37. Rg3 Nb7 38. Qa7 Qc5 39. Qxc5 Nxc5 40. Kg2 Kf8 41. Kf2 Ke7 42. Ke3 Kd6 43. Rh3 Rg7 44. Rh6 Nb7 45. f4 Nd8 46. Rh3 exf4+ 47. Kxf4 Re7 48. Kf3 Nb7 49. Kf2 Nc5 50. Rf3 Nd7 51. h4 Re5 52. Rh3 Nc5 53. Rf3 Nd7 54. Rf4 Ke7 55. h5 gxh5 56. Bxh7 hxg4 57. Rxg4 Rg5 58. Rh4 Kd6 59. Bc2 Rg7 60. Rh8 Kc5 61. Rc8+ Kd4 62. Rc7 f5 63. d6 Kc3 64. c5 Nxc5 65. Rxc5+ Kb2 66. Bd1 Rd7 67. Rc6 1-0

[Event "Niedersachsen-ch Meister 2024"]
[Site "Verden Aller"]
[Date "2024.01.05"]
[Round "3.11"]
[White "Aden, Tammo"]
[Black "Bargsten, Justus"]
[Result "1/2-1/2"]
[ECO "E11"]
[WhiteElo "2025"]
[BlackElo "2216"]
[Annotator "RC"]
[PlyCount "99"]
[EventDate "2024.01.01"]
[EventType "swiss"]
[EventCountry "GER"]
[SourceTitle "playchess.com"]
[Source "ChessBase"]
[SourceQuality "1"]
[TimeControl "40/5400+30:1800+30"]

1. d4 d5 2. Nf3 Nf6 3. c4 e6 4. g3 Bb4+ 5. Bd2 a5 6. a3 Be7 7. Qc2 O-O 8. Bg2 Nbd7 9. O-O c6 10. Bf4 a4 11. Nc3 Qa5 12. Nd2 Qa6 13. cxd5 exd5 14. e4 Nb6 15. e5 Nh5 16. Be3 g6 17. Bf3 Bf5 18. Qd1 Ng7 19. Be2 Bd3 20. Bh6 Rfe8 21. Nf3 Bxe2 22. Nxe2 Nc4 23. Rb1 Ne6 24. Nf4 Bf8 25. Nxe6 Rxe6 26. Bxf8 Rxf8 27. Ng5 Re7 28. h4 Qa5 29. Re1 Qd2 30. Qg4 f5 31. Qf4 Qxf4 32. gxf4 b5 33. Nf3 Rb8 34. h5 b4 35. hxg6 hxg6 36. Kg2 bxa3 37. bxa3 Rb3 38. Ra1 Ra7 39. Rec1 Rab7 40. Rc2 Rb2 41. Rxb2 Rxb2 42. Re1 Rb7 43. Ng5 Nxa3 44. Ra1 Rb3 45. e6 Kf8 46. Rh1 Nc4 47. Rh8+ Ke7 48. Rh7+ Ke8 49. Rh8+ Ke7 50. Rh7+ 1/2-1/2

[Event "Niedersachsen-ch Meister 2024"]
[Site "Verden Aller"]
[Date "2024.01.05"]
[Round "3.12"]
[White "Oest, Thorsten"]
[Black "Sauer, Tim"]
[Result "0-1"]
[ECO "B25"]
[WhiteElo "1981"]
[BlackElo "2126"]
[Annotator "RC"]
[PlyCount "104"]
[EventDate "2024.01.01"]
[EventType "swiss"]
[EventCountry "GER"]
[SourceTitle "playchess.com"]
[Source "ChessBase"]
[SourceQuality "1"]
[TimeControl "40/5400+30:1800+30"]

1. e4 c5 2. Nc3 Nc6 3. Nf3 g6 4. g3 Bg7 5. Bg2 Nf6 6. d3 O-O 7. Be3 d6 8. O-O Rb8 9. a4 a6 10. h3 Qc7 11. d4 cxd4 12. Nxd4 Na5 13. Qe2 e5 14. Nf3 h6 15. Rfd1 Be6 16. Nd2 Rfc8 17. Rac1 Kh7 18. Kh2 Bc4 19. Qe1 Be6 20. Qe2 Bd7 21. Ba7 Ra8 22. Qe3 Nc6 23. Bb6 Qb8 24. a5 Nb4 25. b3 Be6 26. Ndb1 Nd7 27. Rd2 Nxb6 28. Qxb6 Nc6 29. Nd5 Nd4 30. Nbc3 Rc5 31. Na4 Rb5 32. Qc7 Bxd5 33. Qxb8 Rxb8 34. exd5 Rxa5 35. Nb6 Ra2 36. Nc4 b5 37. c3 Nxb3 38. Rxa2 Nxc1 39. Rc2 bxc4 40. Rxc1 Rb5 41. Bf1 Rc5 42. Ra1 a5 43. g4 e4 44. Ra3 f5 45. Kg2 Be5 46. gxf5 gxf5 47. h4 Kg6 48. f3 Rxd5 49. fxe4 fxe4 50. Bxc4 Rc5 51. Ba6 Bxc3 52. Bb7 Kf5 0-1

[Event "Niedersachsen-ch Meister 2024"]
[Site "Verden Aller"]
[Date "2024.01.05"]
[Round "3.13"]
[White "Evering, Soeren"]
[Black "Heinemann, Ernst"]
[Result "*"]
[ECO "B12"]
[WhiteElo "2034"]
[BlackElo "2033"]
[Annotator "RC"]
[PlyCount "35"]
[EventDate "2024.01.01"]
[EventType "swiss"]
[EventCountry "GER"]
[SourceTitle "playchess.com"]
[Source "ChessBase"]
[SourceQuality "1"]
[TimeControl "40/5400+30:1800+30"]

1. e4 c6 2. d4 d5 3. e5 c5 4. Nf3 Nc6 5. dxc5 Bg4 6. c3 e6 7. Be3 Nge7 8. Nbd2 Ng6 9. Qa4 Bxf3 10. Nxf3 Be7 11. Bb5 O-O 12. Bxc6 bxc6 13. O-O Qc7 14. Bd4 Qb7 15. Rfb1 f6 16. b4 a6 17. Re1 f5 18. Be3 *

[Event "Niedersachsen-ch Meister 2024"]
[Site "Verden Aller"]
[Date "2024.01.05"]
[Round "3.14"]
[White "Bennemann, Ingmar"]
[Black "Elsner, Robert"]
[Result "0-1"]
[ECO "A46"]
[WhiteElo "1971"]
[BlackElo "2030"]
[Annotator "NA RC"]
[PlyCount "92"]
[EventDate "2024.01.01"]
[EventType "swiss"]
[EventCountry "GER"]
[SourceTitle "playchess.com"]
[Source "ChessBase"]
[SourceQuality "1"]
[TimeControl "40/5400+30:1800+30"]

1. d4 Nf6 2. Nf3 e6 3. Bg5 h6 4. Bxf6 Qxf6 5. e4 d6 6. h4 $11 g6 7. Nbd2 Bg7 8. Bd3 Nd7 9. c3 a6 10. a4 b6 11. Qe2 Bb7 12. Nc4 O-O 13. h5 g5 14. Ne3 Qe7 15. Nh2 Nf6 16. Neg4 Nd7 17. O-O c5 18. e5 cxd4 19. cxd4 dxe5 20. dxe5 Nc5 21. Bc4 Rad8 22. Rad1 Rxd1 23. Rxd1 Rd8 24. Nf1 Nxa4 25. Rxd8+ Qxd8 26. Bxa6 Bxa6 27. Qxa6 Nxb2 28. Qa3 Nc4 29. Qc3 Qd5 30. Nf6+ Bxf6 31. exf6 b5 32. Qb4 e5 33. Qe7 Qe6 34. Qd8+ Kh7 35. Ng3 Nd6 36. f3 b4 37. Ne4 Nxe4 38. fxe4 b3 39. Qe7 b2 40. Qb4 Qa2 41. Qf8 b1=Q+ 42. Kh2 Qxg2+ 43. Kxg2 Qxe4+ 44. Kg3 Qf4+ 45. Kh3 Qxf6 46. Qa3 Qf5+ 0-1

[Event "Niedersachsen-ch Meister 2024"]
[Site "Verden Aller"]
[Date "2024.01.05"]
[Round "4.1"]
[White "Abel, Dennes"]
[Black "Polster, Christian"]
[Result "1-0"]
[ECO "A17"]
[WhiteElo "2417"]
[BlackElo "2244"]
[Annotator "RC"]
[PlyCount "103"]
[EventDate "2024.01.01"]
[EventType "swiss"]
[EventCountry "GER"]
[SourceTitle "playchess.com"]
[Source "ChessBase"]
[SourceQuality "1"]
[TimeControl "40/5400+30:1800+30"]

1. Nf3 d5 2. e3 Nf6 3. c4 c5 4. cxd5 Nxd5 5. Nc3 e6 6. Nxd5 exd5 7. b4 cxb4 8. Bb2 Nc6 9. Bd3 Bg4 10. Qb1 h5 11. h3 Be6 12. Nd4 Rh6 13. O-O h4 14. f4 Bd7 15. Nf3 Qe7 16. a3 a5 17. Re1 Qc5 18. Kh1 b5 19. Bd4 Qd6 20. Bxb5 Nxd4 21. exd4+ Re6 22. Bxd7+ Qxd7 23. Ne5 Qb7 24. f5 Rea6 25. Ng6+ Kd7 26. Nxf8+ Rxf8 27. axb4 axb4 28. Rxa6 Qxa6 29. Qxb4 Re8 30. Rb1 Rc8 31. d3 Qd6 32. Qe1 Qf4 33. Rb7+ Rc7 34. Rxc7+ Qxc7 35. Qxh4 Qc1+ 36. Kh2 Qe3 37. Qg4 Ke7 38. Qxg7 Qf4+ 39. Qg3 Qxd4 40. Qf3 Kf6 41. g4 Kg5 42. Qe2 Qf4+ 43. Kg2 f6 44. Qf2 Qc1 45. Kg3 Qc7+ 46. Kf3 Qf4+ 47. Ke2 Qc7 48. Qe3+ Kh4 49. Kf1 Qb8 50. Kg2 Qf8 51. Qf4 Qb4 52. Qh6# 1-0